 Dungeon Crawl Stone Soup version 0.27.1-1-g398f81649c (webtiles) character file.

Game seed: 16464394220133758513

3598 horus123 the Destroyer (level 9, -3/46 HPs)
             Began as a Deep Elf Conjurer on Sept 5, 2021.
             Was a Believer of Okawaru.
             Slain by a killer bee (5 damage)
             ... on level 8 of the Dungeon.
             The game lasted 00:27:51 (8769 turns).

horus123 the Destroyer (Deep Elf Conjurer)          Turns: 8769, Time: 00:27:52

Health: -3/46      AC:  3    Str:  4    XL:     9   Next: 85%
Magic:  17/24      EV: 13    Int: 27    God:    Okawaru [**....]
Gold:   604        SH:  0    Dex: 13    Spells: 7/27 levels left

rFire    . . .     SeeInvis .   p - +5 dagger (venom)
rCold    . . .     Faith    .   (no shield)
rNeg     + + +     Spirit   .   a - +1 robe
rPois    .         Reflect  .   (no helmet)
rElec    .         Harm     .   (no cloak)
rCorr    .         Rampage  .   (no gloves)
Will     +....                  (no boots)
Stlth    +++.......             y - amulet of Xom's Capriciousness {rN++ Regen+}
HPRegen  1.15/turn              i - ring of positive energy
MPRegen  0.19/turn              z - ring of willpower

@: lethally poisoned (-3 -> -5), studying Armour
A: no striking features
a: Renounce Religion, Heroism


You were on level 8 of the Dungeon.
You worshipped Okawaru.
Okawaru was pleased with you.
You visited 2 branches of the dungeon, and saw 9 of its levels.
You also visited: Ossuary.

You collected 676 gold pieces.
You spent 72 gold pieces at shops.

Inventory:

Hand Weapons
 b - the +6 shortbow of Rigimofo {vorpal, rC- rN++}
   (You found it on level 6 of the Dungeon)

   Any ammunition fired from it inflicts extra damage upon your enemies.
   rC:        It makes you vulnerable to cold.
   rN:        It greatly protects you from negative energy.
 p - a +5 dagger of venom (weapon)
Missiles
 v - 2 throwing nets
Armour
 a - a +1 robe (worn)
Jewellery
 e - a ring of ice
 g - an amulet of reflection
 i - a ring of positive energy (left hand)
 o - a ring of protection from fire
 y - the amulet of Xom's Capriciousness (around neck) {rN++ Regen+}
   (You found it on level 7 of the Dungeon)

   [amulet of regeneration]

   rN:        It greatly protects you from negative energy.
   Regen:     It increases your rate of health regeneration.
 z - a ring of willpower (right hand)
Wands
 u - a wand of mindburst (17)
 w - a wand of charming (3)
 x - a wand of paralysis (8)
Scrolls
 l - a scroll of fear {unknown}
 s - 4 scrolls of magic mapping
 A - a scroll of holy word {unknown}
Potions
 c - 2 potions of berserk rage
 d - 2 potions of curing
 f - a potion of haste
 h - 4 potions of lignification
 j - 3 potions of might
 k - 4 potions of brilliance
 m - 2 potions of attraction {unknown}
 n - 4 potions of flight {unknown}
 r - 2 potions of degeneration {unknown}
 t - a potion of invisibility {unknown}


   Skills:
 + Level 0.9 Fighting
 + Level 1.0 Short Blades
 + Level 4.4 Dodging
 + Level 4.7 Stealth
 + Level 0.8 Shields
 + Level 9.5 Spellcasting
 * Level 11.6 Conjurations
 + Level 2.9 Hexes
 + Level 1.2 Translocations
 * Level 0.6 Fire Magic
 + Level 3.8 Air Magic


You had 7 spell levels left.
You knew the following spells:

 Your Spells              Type           Power      Damage    Failure   Level
a - Magic Dart            Conj           100%       1d8       1%          1
b - Searing Ray           Conj           100%       3d7       1%          2
c - Fulminant Prism       Conj/Hex       25%        3d14      2%          4
d - Starburst             Conj/Fire      23%        6d8       50%         6
e - Swiftness             Air            33%        N/A       2%          3
f - Airstrike             Air            16%        N/A       10%         4

Your spell library contained the following spells:

 Spells                   Type           Power      Damage    Failure   Level
 Shock                    Conj/Air       100%       1d9       1%          1
 Dazzling Flash           Conj/Hex       100%       N/A       1%          3
 Mephitic Cloud           Conj/Pois/Air  40%        N/A       1%          3
 Iskenderun's Mystic Bla  Conj/Tloc      47%        2d10      3%          4
 Pain                     Necr           48%        1d6       4%          1
 Call Imp                 Summ           12%        N/A       7%          2
 Agony                    Necr           12%        N/A       77%         5
 Excruciating Wounds      Necr           6%         N/A       77%         5


Dungeon Overview and Level Annotations

Branches:
Dungeon (8/15)             Temple (1/1) D:4         Ossuary (visited)
   Lair: D:8-11

Altars:
Ashenzari
Cheibriados
Elyvilon
Fedhas
Hepliaklqana
Makhleb
Nemelex Xobeh
Okawaru
Qazlal
Ru
Trog
Uskayaw
Wu Jian
Yredelemnul
Zin
The Shining One

Shops:
D:5 ?


Message History

Press: ? - help, Shift-Dir - straight line, f - killer bee
Aim: a killer bee (65% to hit)
The searing ray hits the killer bee!
The killer bee is heavily wounded.
The searing ray hits the killer bee!
The killer bee is heavily wounded. (Press . to maintain the ray.)
The killer bee stings you but does no damage.
The killer bee closely misses you. The killer bee stings you.
You are poisoned.
The killer bee poisons you! The killer bee misses you.
The killer bee stings you. The killer bee misses you.
The searing ray misses the killer bee. x2; You feel sick.
The killer bee closely misses you.
The killer bee stings you but does no damage.
The killer bee barely misses you. x2; The killer bee stings you!
You are more poisoned.
The killer bee poisons you! The killer bee stings you.
You are more poisoned.
The killer bee poisons you! The killer bee closely misses you.
The searing ray misses the killer bee.
The searing ray hits the killer bee!
You kill the killer bee!
Okawaru accepts your kill.
You feel very sick.
The killer bee stings you but does no damage.
The killer bee misses you. The killer bee stings you!
* * * LOW HITPOINT WARNING * * *
The killer bee stings you.
* * * LOW HITPOINT WARNING * * *
You are more poisoned.
The killer bee poisons you! The killer bee misses you. x2
The killer bee closely misses you. The killer bee completely misses you.
You feel better. The killer bee stings you!
* * * LOW HITPOINT WARNING * * *
You are poisoned.
The killer bee poisons you! The killer bee closely misses you.
The killer bee stings you!
* * * LOW HITPOINT WARNING * * *
The killer bee stings you.
You die...

############
#.........)#
#..........#
#.)........#
#..........##
#..yyy....).#
#...@y......#
###########.#


You could see 4 killer bees.

Vanquished Creatures
  The ghost of nxtlvl the Cutter, a novice DEMo of Vehumet (D:7)
  Prince Ribbit (D:6)
  Sigmund (D:3)
  A steam dragon (D:5)
  Menkaure (D:6)
  An orc warrior (D:7)
  A sky beast (D:5)
  A black bear (D:5)
  A hornet zombie (D:7)
  A necrophage (D:5)
  2 ogres
  A centaur (D:4)
  2 phantoms
  4 bullfrogs
  Blork the orc (D:6)
  3 gnoll sergeants (D:7)
  A scorpion (D:5)
  A water moccasin zombie (D:6)
  4 killer bees
  2 hounds
  4 jellies
  2 orc priests
  2 centaur skeletons
  2 gnoll shamans
  4 iguanas
  Terence (D:2)
  5 orc wizards
  8 mummies (Ossuary)
  12 gnolls
  6 adders
  A howler monkey skeleton (D:6)
  A shadow imp (D:6)
  2 white imps
  An ufetubus (D:6)
  2 worms
  A dart slug (D:5)
  25 orcs
  5 endoplasms
  2 giant cockroaches
  5 goblins
  6 hobgoblins
  7 jackals
  A quokka (D:3)
  A ball python (D:4)
  5 bats
  3 frilled lizards
  5 hobgoblin zombies (Ossuary)
  11 kobolds
  A kobold zombie (Ossuary)
  2 orc zombies (Ossuary)
  2 rats (D:3)
166 creatures vanquished.

Vanquished Creatures (others)
  A fulminant prism (D:8)
  A fungus (D:2)
  7 plants
9 creatures vanquished.

Grand Total: 175 creatures vanquished

Notes
Turn   | Place    | Note
-------+----------+-------------------------------------------
     0 | D:1      | horus123 the Deep Elf Conjurer began the quest for the Orb.
     0 | D:1      | Reached XP level 1. HP: 10/10 MP: 6/6
   306 | D:1      | Reached XP level 2. HP: 15/15 MP: 5/8
   309 | D:1      | Learned a level 2 spell: Searing Ray
   372 | D:1      | Reached skill level 5 in Conjurations
  1084 | D:2      | Found a faded altar of an unknown god.
  1185 | D:2      | Noticed Terence
  1191 | D:2      | Killed Terence
  1192 | D:2      | Reached XP level 3. HP: 19/19 MP: 3/9
  1199 | D:2      | Learned a level 3 spell: Dazzling Flash
  1471 | D:2      | Reached skill level 6 in Conjurations
  1471 | D:2      | Reached XP level 4. HP: 24/24 MP: 6/10
  1477 | D:2      | Learned a level 4 spell: Fulminant Prism
  2375 | D:3      | Reached XP level 5. HP: 24/28 MP: 4/12
  2377 | D:3      | Reached skill level 1 in Hexes
  2538 | D:3      | Noticed Sigmund
  2543 | D:3      | Killed Sigmund
  2544 | D:3      | Reached skill level 7 in Conjurations
  2544 | D:3      | Reached XP level 6. HP: 32/32 MP: 8/13
  3682 | D:4      | Identified the +0 helmet "Xaezipeo" {rN+ Str+5 Int-5}
  3684 | D:4      | Found a staircase to the Ecumenical Temple.
  3721 | Temple   | Entered the Ecumenical Temple
  3895 | Temple   | Became a worshipper of Warmaster Okawaru
  3976 | D:4      | Reached skill level 8 in Conjurations
  4169 | D:4      | Learned a level 4 spell: Iskenderun's Mystic Blast
  4388 | D:4      | Reached XP level 7. HP: 36/36 MP: 11/15
  4749 | D:5      | Entered Level 5 of the Dungeon
  4779 | D:5      | Learned a level 3 spell: Swiftness
  4780 | D:5      | Found a snail-covered altar of Cheibriados.
  4865 | D:5      | Found Fuam's Magic Scroll Shop.
  4870 | D:5      | Reached skill level 1 in Translocations
  4929 | D:5      | Bought a scroll of identify for 24 gold pieces
  4929 | D:5      | Bought a scroll of identify for 24 gold pieces
  4929 | D:5      | Bought a scroll of identify for 24 gold pieces
  4979 | D:5      | Reached skill level 5 in Spellcasting
  5008 | D:5      | Reached skill level 1 in Air Magic
  5104 | D:5      | Reached XP level 8. HP: 41/41 MP: 8/18
  5109 | D:5      | Reached skill level 9 in Conjurations
  5251 | D:5      | Learned a level 4 spell: Airstrike
  5362 | D:5      | Reached * piety under Okawaru
  5685 | D:6      | Noticed Blork the orc
  5688 | D:6      | Killed Blork the orc
  5843 | D:6      | Identified the +6 shortbow of Rigimofo {vorpal, rC- rN++}
  5875 | D:6      | Noticed Menkaure
  5877 | D:6      | Noticed Prince Ribbit
  5883 | D:6      | Killed Menkaure
  5966 | D:6      | Found a sand-covered staircase.
  5983 | Ossuary  | Entered an ossuary
  6603 | D:6      | Killed Prince Ribbit
  6604 | D:6      | Reached skill level 1 in Short Blades
  6604 | D:6      | Reached skill level 10 in Conjurations
  6685 | D:6      | Reached XP level 9. HP: 46/46 MP: 16/22
  6693 | D:6      | Reached ** piety under Okawaru
  6808 | D:6      | Found a basalt altar of Yredelemnul.
  7627 | D:7      | Found a transporter.
  7628 | D:7      | Found a transporter.
  7844 | D:7      | Noticed nxtlvl's ghost (novice DEMo)
  7859 | D:7      | Reached skill level 11 in Conjurations
  7868 | D:7      | Killed nxtlvl's ghost
  7883 | D:7      | Identified the amulet of Xom's Capriciousness {rN++ Regen+}
  8123 | D:7      | Learned a level 6 spell: Starburst
  8769 | D:8      | HP: 2/46 [killer bee (7)]
  8769 | D:8      | Slain by a killer bee

Illustrated notes

Levels and vault maps discovered:
D:1:      minmay_arrival_widening_spiral_wide, layout_loops_ring,
          minmay_pentomino_x2
D:2:      layout_basic, dreamdust_ecumenical_altar_grove, eino_curves_02,
          uniq_terence
D:3:      layout_loops_corners, minmay_misc_feat_iff,
          chequers_serial_rivers_room_b, corexii_corridor_pit,
          lexackson_kobold_supper, uniq_sigmund
D:4:      layout_gridville, minmay_temple_entry_grid, minmay_misc_feat_chi
D:5:      layout_cave_pools, mainiacjoe_overflow_cross_hatched, serial_shops,
          shop
D:6:      layout_loops_cross, enter_ossuary_3, minmay_ruined_shrine,
          uniq_prince_ribbit1, uniq_blork_the_orc, uniq_menkaure
D:7:      layout_basic, gammafunk_ghost_gnarly_gnolls
D:8:      layout_rooms, lemuel_blue_sif_altar, serial_undead, serial_undead_a,
          serial_undead_c, serial_undead_c, serial_undead_e,
          serial_bayou_crossing, uniq_harold, uniq_psyche
Temple:   jpeg_temple_clearing

Skill      XL: |  1  2  3  4  5  6  7  8  9 |
---------------+----------------------------+-----
Conjurations   | 5 6 7 8 10 11 | 11.6
Hexes          | 1 2 |  2.9
Stealth        | 3 4 |  4.7
Spellcasting   | 4 5 7 9 |  9.5
Translocations | 1 |  1.2
Air Magic      | 2 3 |  3.8
Dodging        | 3 4 |  4.4
Short Blades   | 1 |  1.0
Fighting       | |  0.9
Shields        | |  0.8
Fire Magic     | |  0.6

Action                   |  1- 3 |  4- 6 |  7- 9 || total
-------------------------+-------+-------+-------++-------
Melee: Dagger            |       |       |     7 ||     7
 Cast: Magic Dart        |    17 |       |    96 ||   113
       Searing Ray       |    15 |    34 |    67 ||   116
       Airstrike         |       |       |     1 ||     1
       Fulminant Prism   |       |       |     1 ||     1
  Use: Scroll            |     2 |     7 |    12 ||    21
       Potion            |       |       |     6 ||     6
Armor: Robe              |     1 |     4 |     7 ||    12
Dodge: Dodged            |     5 |     4 |    53 ||    62
Block: Other             |       |     1 |     9 ||    10
